 Dungeon Crawl Stone Soup version 0.23-a0-419-g0174fd80c1 (webtiles) character file.

2 Naru the Changer (level 1, -1/14 HPs)
             Began as a Draconian Wanderer on Nov 14, 2018.
             Killed from afar by a dart slug (4 damage)
             ... with a slug dart
             ... on level 1 of the Dungeon.
             The game lasted 00:02:08 (111 turns).

Naru the Changer (Draconian Wanderer)                Turns: 111, Time: 00:02:09

Health: -1/14      AC:  4    Str: 17    XL:     1   Next: 25%
Magic:  1/3        EV: 11    Int: 10    God:
Gold:   0          SH:  0    Dex:  9    Spells: 3/4 levels left

rFire    . . .     SeeInvis .   d - +0 club
rCold    . . .     Gourm    .   (no shield)
rNeg     . . .     Faith    .   (armour unavailable)
rPois    .         Spirit   .   (helmet restricted)
rElec    .         Reflect  .   (no cloak)
rCorr    .         Harm     .   (no gloves)
MR       .....                  (no boots)
Stlth    +.........             (no amulet)
HPRegen  0.04/turn              (no ring)
MPRegen  0.08/turn              (no ring)

@: very slightly contaminated
A: unfitting armour, cold-blooded, AC +4
a: no special abilities


You were on level 1 of the Dungeon.
You were not hungry.

You visited 1 branch of the dungeon, and saw 1 of its levels.

Inventory:

Hand Weapons
 d - a +0 club (weapon)
Missiles
 a - 8 poisoned needles
Potions
 c - a potion of curing
Comestibles
 b - a chunk of flesh
 f - a ration


   Skills:
 - Level 1.0 Throwing
 + Level 2.1 Spellcasting
   Level 5.0 Transmutations
 + Level 1.0 Air Magic
   Level 1.0 Evocations


You had 3 spell levels left.
You knew the following spells:

 Your Spells              Type           Power        Failure   Level  Hunger
a - Shock                 Conj/Air       #...         26%         1    ##.....

Your spell library contained the following spells:

 Spells                   Type           Power        Failure   Level  Hunger
 Sticks to Snakes         Tmut           ##......     6%          2    ###....
 Passwall                 Tmut/Erth      #.......     17%         2    ###....
 Swiftness                Chrm/Air       #.......     36%         2    ###....
 Static Discharge         Conj/Air       #.......     58%         3    ####...
 Airstrike                Air            #.........   90%         4    #####..
 Lightning Bolt           Conj/Air       #.........   100%        5    ######.


Dungeon Overview and Level Annotations

Branches:
Dungeon (1/15)

Altars:


Innate Abilities, Weirdness & Mutations

Your plain brown scales are hard. (AC +4)
You cannot fit into any form of body armour.
You are cold-blooded and may be slowed by cold attacks.


Message History

Press: ? - help, Shift-Dir - straight line, f/p - dart slug
Aim: a dart slug (lightly wounded, clinging)
The zap hits the dart slug.
The dart slug is heavily wounded.
Casting: Shock (safe; 26% risk of failure)
Confirm with . or Enter, or press ? or * to list all spells.
Aiming: Shock (safe; 26% risk of failure)
Press: ? - help, Shift-Dir - straight line, f/p - dart slug
Aim: a dart slug (heavily wounded, clinging)
You miscast Shock.
You are very lightly contaminated with residual magic.
Your skin glows momentarily.
The dart slug launches a dart at you. The slug dart hits you!
The dart slug launches a dart at you. The slug dart hits you!
* * * LOW HITPOINT WARNING * * *
The dart slug launches a dart at you. The slug dart hits you!
You die...

#.# #........ #.#
#.....". #.# #.[.....
..#.# #...... ..#.# .
#.....# #.#.# ...#(....#
#.#.#
.......>.#####.#.########
#.....w.@#.#........#
########.#.#.######.#
#...........# #.#
##.##......#.# #.#
...#..#.####.# #.#
...#.##......######.##
...................#
...........##########
......###.#####.#


You could see a dart slug.

Vanquished Creatures
  A giant cockroach (D:1)
  A frilled lizard (D:1)
2 creatures vanquished.

Notes
Turn   | Place    | Note
-------+----------+-------------------------------------------
     0 | D:1      | Naru the Draconian Wanderer began the quest for the Orb.
     0 | D:1      | Naru set off with the following items: a potion of curing,
                  | a +0 club, a ration; and the following spell memorised:
                  | Shock; and the following spells available to memorise:
                  | Sticks to Snakes, Passwall, Swiftness, Static Discharge,
                  | Airstrike, Lightning Bolt
     0 | D:1      | Reached XP level 1. HP: 14/14 MP: 3/3
   111 | D:1      | Killed from afar by a dart slug

Vault maps used:
D:1:      lightli_arrival_statue_moat

Action                   || total
-------------------------++-------
Melee: Club              ||     7
 Cast: Shock             ||     5
Armor: Skin              ||     3
Dodge: Dodged            ||     5

Table legend:
 A = Non-vault XP
 B = Vault XP
 C = Vault XP percentage of total XP
 D = Non-vault monster count
 E = Vault monster count
 F = Vault count percentage of total count
                 A         B        C        D         E       F
            +---------+---------+-------+---------+---------+-------
      Total |       3 |       0 |   0.0 |       2 |       0 |   0.0
            +---------+---------+-------+---------+---------+-------
        D:1 |       3 |       0 |   0.0 |       2 |       0 |   0.0
            +---------+---------+-------+---------+---------+-------
